 Dungeon Crawl Stone Soup version 0.17.2-1-ge4368a0 (webtiles) character file.

130 Goblin1989 the Ruffian (level 4, -2/35 HPs)
             Began as a Draconian Transmuter on Sept 27, 2016.
             Slain by Purgy (5 damage)
             ... in a sewer.
             The game lasted 00:12:33 (3229 turns).

Goblin1989 the Ruffian (Draconian Transmuter)       Turns: 3229, Time: 00:12:33

Health: -2/35      AC:  5    Str: 12    XL:     4   Next: 90%
Magic:  4/7        EV: 12    Int: 15    God:
Gold:   196        SH:  0    Dex: 11    Spells: 3 memorised, 0 levels left

rFire  . . .     SeeInvis .       - Unarmed
rCold  . . .     Clarity  .     (armour unavailable)
rNeg   . . .     SustAt   .     (no shield)
rPois  .         Gourm    .     (helmet restricted)
rElec  .         Spirit   .     (no cloak)
rCorr  .         Warding  .     (no gloves)
rMut   .         Stasis   +     (no boots)
MR     .....                    g - amulet of stasis {!P}
Stlth  +.........               (no ring)
                                (no ring)

@: not resistant to hostile enchantments, very unstealthy
A: unfitting armour, cold-blooded, AC +5
a: no special abilities


You were in a sewer.
You were not hungry.

You visited 1 branch of the dungeon, and saw 4 of its levels.
You also visited: Sewer.

You collected 196 gold pieces.

Inventory:

Missiles
 a - 39 arrows
Jewellery
 g - an amulet of stasis (around neck) {!P}
Scrolls
 d - 2 scrolls of identify {unknown}
 e - 2 scrolls of enchant armour {unknown}
 i - 4 scrolls of remove curse {unknown}
 k - a scroll of random uselessness {unknown}
 l - a scroll of blinking {unknown}
 m - a scroll of enchant weapon {unknown}
 t - a scroll of teleportation {unknown}
Potions
 j - a potion of haste {@q3}
 o - a potion of flight {unknown}
Books
 b - a book of Changes

   Spells                             Type                      Level
   a - Beastly Appendage              Transmutation                1
   b - Sticks to Snakes               Transmutation                2
   c - Spider Form                    Transmutation/Poison         3
   d - Ice Form                       Ice/Transmutation            4
   e - Blade Hands                    Transmutation                5
Comestibles
 c - a bread ration
 f - a slice of pizza
 n - 2 meat rations
 p - a beef jerky


   Skills:
 - Level 1.1 Fighting
 - Level 1.7 Dodging
 + Level 5.1 Unarmed Combat
 + Level 2.3 Spellcasting
 * Level 2.4 Transmutations
 * Level 1.0 Ice Magic


You couldn't memorise any spells.
You knew the following spells:

 Your Spells              Type           Power        Failure   Level  Hunger
a - Beastly Appendage     Trmt           #.....       12%         1    #......
b - Sticks to Snakes      Trmt           #.........   14%         2    ###....
c - Ice Form              Ice/Trmt       #.......     93%         4    #####..


Dungeon Overview and Level Annotations

Branches:
Dungeon (4/15)
 Temple: D:4-7

Altars:

Annotations:
Sewer Purgy


Innate Abilities, Weirdness & Mutations

Your plain brown scales are hard (AC +5).
Your body does not fit into most forms of armour.
You are cold-blooded and may be slowed by cold attacks.


Message History

You create a snake!
Your ball python closely misses Purgy.
Purgy bites you!
* * * LOW HITPOINT WARNING * * *
Purgy closely misses you. Purgy barely misses you.
You swap places.
Your ball python bites Purgy but does no damage.
Your ball python barely misses Purgy.
Purgy closely misses your ball python. Purgy claws your ball python. x2
Your ball python dies!
Casting: Sticks to Snakes
Confirm with . or Enter, or press ? or * to list all spells.
You create a snake!
Your ball python bites Purgy.
You enter the shallow water.
Moving in this stuff is going to be slow.
Your ball python misses Purgy.
Your ball python bites Purgy.
You aren't carrying any items that can be evoked.
Unknown command.
Your ball python withers and dies!
Your ball python bites Purgy but does no damage.
Purgy bites you.
You die...

ਜਜਜਜ≈ਜਜਜਜ≈ਜਜ≈ਜਜਜ
≈≈≈≈≈≈≈≈ਜ≈≈≈≈≈≈≈ਜਜ≈ਜ
≈≈≈≈≈≈≈≈≈≈≈≈≈≈≈≈≈≈≈≈≈ਜ
≈≈≈≈≈≈≈≈≈≈≈≈≈≈≈≈≈≈≈≈≈ਜਜਜ
≈≈≈≈≈≈≈≈≈≈≈≈≈≈≈≈≈≈≈≈≈≈≈≈≈ਜ
≈≈≈≈≈≈≈≈≈≈≈≈≈≈≈≈≈≈≈≈≈≈≈≈≈≈ਜ
≈≈≈≈≈≈≈≈≈≈≈≈≈≈≈≈≈≈≈≈≈≈≈≈≈≈≈≈
≈≈≈≈≈≈≈≈≈≈≈≈≈TS.≈≈≈≈≈≈≈≈≈≈≈≈≈
≈≈≈≈≈≈≈≈≈≈≈≈≈@ਜਜਜਜ.≈≈≈≈≈≈≈≈≈≈≈
ਜ≈≈≈≈≈≈≈≈≈≈≈≈ਜਜ ਜਜ.≈≈≈≈≈≈≈≈≈≈
≈≈≈≈≈≈≈≈≈≈≈≈≈.ਜ ਜਜਜ.≈≈≈≈≈≈≈≈
≈≈≈≈≈≈≈≈≈≈≈≈ਜਜਜ ਜ.≈.≈≈≈≈≈≈
≈≈≈≈≈≈≈≈.≈.ਜਜ ਜਜਜਜਜ≈≈≈≈≈
≈≈≈≈≈≈≈≈.≈..ਜ ਜ≈≈≈≈≈
ਜ≈≈≈≈≈≈..ਜਜਜਜ ਜਜ≈≈≈≈
≈≈≈≈≈≈.†ਜਜ ਜਜ≈≈≈ ≈≈≈≈≈≈≈.ਜਜ
ਜਜ≈≈≈


You could see Purgy and a friendly ball python.

Vanquished Creatures
  Natasha (twice) (D:3)
  2 adders (D:2)
  An ooze (D:2)
  A worm (D:3)
  3 orcs (D:3)
  4 ball pythons (Sewer)
  9 bats
  4 giant cockroaches
  4 goblins
  6 hobgoblins
  4 giant geckos
  14 giant newts
  8 kobolds
  5 rats
67 creatures vanquished.

Vanquished Creatures (collateral kills)
  A bat (D:3)
  A giant newt (Sewer)
2 creatures vanquished.

Grand Total: 69 creatures vanquished

Notes
Turn   | Place    | Note
--------------------------------------------------------------
     0 | D:1      | Goblin1989 the Draconian Transmuter began the quest for the Orb.
     0 | D:1      | Reached XP level 1. HP: 16/16 MP: 3/3
   133 | D:1      | Reached XP level 2. HP: 20/23 MP: 5/5
   677 | D:1      | Reached skill level 4 in Unarmed Combat
   876 | D:2      | Reached XP level 3. HP: 15/28 MP: 6/6
  1305 | D:2      | jacquesderrida: Gremlin i miyamoto
  1305 | D:2      | Miyamura: >miyamoto
  1305 | D:2      | Miyamura: sounds like name of some weeb faggot
  1759 | D:2      | Reached XP level 4. HP: 35/35 MP: 7/7
  2134 | D:2      | Learned a level 2 spell: Sticks to Snakes
  2139 | D:2      | Learned a level 4 spell: Ice Form
  2225 | D:3      | Noticed Natasha
  2234 | D:3      | Killed Natasha
  2234 | D:3      | Reached skill level 5 in Unarmed Combat
  2530 | D:3      | Noticed Natasha
  2538 | D:3      | Killed Natasha
  2955 | D:4      | Found a glowing drain.
  2991 | Sewer    | Entered a sewer
  3154 | Sewer    | Reached skill level 1 in Ice Magic
  3182 | Sewer    | Noticed Purgy
  3215 | Sewer    | HP: 1/35 [Purgy (2)]
  3229 | Sewer    | Slain by Purgy

Action                   |  1- 3 |  4- 6 || total
-------------------------+-------+-------++-------
Melee: Unarmed           |   168 |   109 ||   277
 Cast: Beastly Appendage |     1 |     9 ||    10
       Sticks to Snakes  |       |     7 ||     7
  Use: Potion            |     2 |     2 ||     4
 Stab: Sleeping          |     2 |       ||     2
  Eat: Chunk             |     3 |     3 ||     6
       Royal jelly       |       |     1 ||     1

Vault maps used:
D:1:      minmay_arrival_four_circles, minmay_lizard_king
D:2:      supply_closet_lemuel, minmay_goblin_kobold_house
D:3:      old_standard_altar, minmay_door_square, uniq_natasha
D:4:      portal_sewer_entry_f, first_bread
Sewer:    sewer_co_purgy_island
